 Dungeon Crawl Stone Soup version 0.29-a0-961-gfab03dca74 (webtiles) character file.

Game seed: 3638052472640636720

50 Ajdolov the Chopper (level 3, -1/31 HPs)
             Began as a Ghoul Monk on July 30, 2022.
             Slain by a worm (7 damage)
             ... on level 2 of the Dungeon.
             The game lasted 00:01:15 (1592 turns).

Ajdolov the Chopper (Ghoul Monk)                    Turns: 1592, Time: 00:01:16

Health: -1/31      AC:  2    Str: 16    XL:     3   Next: 79%
Magic:  2/2        EV: 12    Int:  5    God:
Gold:   77         SH:  0    Dex: 11    Spells: 2/2 levels left

rFire   . . .      SeeInvis .   a - +0 hand axe
rCold   + . .      Faith    .   (no shield)
rNeg    + + +      Spirit   .   b - +0 robe
rPois   ∞          Reflect  .   (no helmet)
rElec   .          Harm     .   (no cloak)
rCorr   .          Rampage  .   (no gloves)
Will    .....                   (no boots)
Stlth   ++........              (no amulet)
HPRegen 0.00/turn               (no ring)
MPRegen 0.08/turn               (no ring)

@: inhibited regen
A: claws 1, cold resistance 1, negative energy resistance 3, inhibited
regeneration, torment resistance 2, devour on kill
a: no special abilities


You were on level 2 of the Dungeon.
You visited 1 branch of the dungeon, and saw 2 of its levels.

You collected 77 gold pieces.

Inventory:

Hand Weapons
 a - a +0 hand axe (weapon)
Armour
 b - a +0 robe (worn)
Scrolls
 d - 3 scrolls of identify {unknown}
 e - 5 scrolls of teleportation {unknown}
 f - 2 scrolls of enchant weapon {unknown}
 i - a scroll of poison {unknown}
 l - a scroll of magic mapping {unknown}
Potions
 c - a potion of ambrosia
 g - 3 potions of curing {unknown}
 h - a potion of might {unknown}
 j - a potion of heal wounds {unknown}
 k - a potion of brilliance {unknown}


   Skills:
 - Level 3.2 Fighting
 * Level 4.2 Axes
 - Level 2.6 Dodging
 - Level 2.1 Stealth


You had 2 spell levels left.
You didn't know any spells.
Your spell library was empty.

Dungeon Overview and Level Annotations

Branches:
Dungeon (2/15)

Altars:


Innate Abilities, Weirdness & Mutations

You are immune to poison.
You have sharp fingernails.
Your flesh is cold resistant. (rC+)
You are immune to negative energy. (rN+++)
You do not regenerate when monsters are visible.
You are immune to unholy pain and torment.
You thrive by killing the living.


Message History

You kill the worm!
A worm comes into view.
A worm is nearby!
You are too injured to fight recklessly!
You start resting.
HP restored.
Found a dagger.
No target in view!
You now have 77 gold pieces (gained 17).
A worm is nearby!
There is an escape hatch in the floor here.
The helpless worm fails to defend itself.
You hit the worm.
The worm is lightly wounded.
You completely miss the worm.
The worm is lightly wounded.
The worm bites you!
You slash the worm!
The worm is heavily wounded.
The worm closely misses you.
You hit the worm.
The worm is severely wounded.
You barely miss the worm.
The worm is severely wounded.
The worm barely misses you.
You hit the worm.
The worm is severely wounded.
The worm bites you!
You completely miss the worm.
The worm is severely wounded.
You hit the worm.
The worm is severely wounded.
The worm bites you!
* * * LOW HITPOINT WARNING * * *
You are too injured to fight recklessly!
You are too injured to fight recklessly!
You hit the worm but do no damage.
The worm is severely wounded.
The worm bites you!
You die...

......##.........##
...##.##.#..###...#
...##......[.....:#
.......#..........#
#####..#.....^##..#####
####....÷..............
.............#.#...##
...........>.#.....#
.##÷.#..#÷#..#.#@..#
....<...)......._w.#
#####........#......#
###.......#...##.#
###.......#.#.### .#
##.......###.### .
...#.....##..# #
...##....##..##
...##.........#


You could see a worm.

Vanquished Creatures
  An adder (D:2)
  A worm (D:2)
  A dart slug (D:1)
  5 ball pythons
  5 endoplasms
  A giant cockroach (D:1)
  2 goblins
  9 hobgoblins
  4 bats
  A kobold (D:1)
  2 rats
32 creatures vanquished.

Notes
Turn   | Place    | Note
-------+----------+-------------------------------------------
     0 | D:1      | Ajdolov the Ghoul Monk began the quest for the Orb.
     0 | D:1      | Reached XP level 1. HP: 19/19 MP: 0/0
    33 | D:1      | Reached skill level 3 in Axes
    38 | D:1      | Reached XP level 2. HP: 8/26 MP: 1/1
  1039 | D:1      | Reached XP level 3. HP: 30/31 MP: 2/2
  1276 | D:2      | Reached skill level 4 in Axes
  1281 | D:2      | Found a faded altar of an unknown god.
  1592 | D:2      | Slain by a worm

Illustrated notes

Levels and vault maps discovered:
D:1:      nicolae_arrival_somewhat_less_tricky_arrival, layout_rooms,
          corexii_hall_statues_x, minmay_quantized
D:2:      layout_basic, basic_ecumenical_altar, serial_shops,
          nicolae_shop_overgrown_old_shop

Skill      XL: |  1  2  3 |
---------------+----------+-----
Axes           | 3 4 |  4.2
Fighting       | |  3.2
Dodging        | |  2.6
Stealth        | |  2.1

Action                   || total
-------------------------++-------
Melee: Hand axe          ||   113
       Punch             ||     1
 Stab: Sleeping          ||     3
Armor: Robe              ||    26
Dodge: Dodged            ||    69

Table legend: (Time is in decaauts)
 A = Elapsed time spent in this place.
 B = Non-inter-level travel time spent in this place.
 C = Inter-level travel time spent in this place.
 D = Time resting spent in this place.
 E = Time spent auto-exploring this place.
 F = Levels seen in this place.
 G = Mean time per level.
                   A        B        C        D        E       F      G
               +--------+--------+--------+--------+--------+-----+--------+
         Total |   1604 |   1600 |      4 |    165 |   1183 |   2 |  802.0 |
       Dungeon |   1604 |   1600 |      4 |    165 |   1183 |   2 |  802.0 |
               +--------+--------+--------+--------+--------+-----+--------+

Top non-repeatable levels by time:
     D:1: 1267 daAuts
     D:2: 337 daAuts
